 Dungeon Crawl Stone Soup version 0.18.1-48-g4cf74bf (webtiles) character file.

73 SAMYAZA the Skirmisher (level 4, -1/37 HPs)
             Began as a Demonspawn Berserker on July 13, 2016.
             Was a Believer of Trog.
             Succumbed to an adder's poison
             ... on level 2 of the Dungeon on July 17, 2016.
             The game lasted 00:28:23 (1628 turns).

SAMYAZA the Skirmisher (Demonspawn Berserker)       Turns: 1628, Time: 00:28:23

Health: -1/37      AC:  4    Str: 19    XL:     4   Next: 8%
Magic:  4/4        EV: 12    Int:  8    God:    Trog [**....]
Gold:   119        SH:  0    Dex: 12    Spells: 0 memorised, 3 levels left

rFire  . . .     SeeInvis .     a - +0 hand axe
rCold  . . .     Gourm    .     q - +1 leather armour {rN+}
rNeg   + . .     Faith    .     (no shield)
rPois  .         Spirit   .     (helmet restricted)
rElec  .         Dismiss  .     (no cloak)
rCorr  .         Reflect  .     (no gloves)
SustAt .         Harm     .     (no boots)
MR     .....                    (no amulet)
Stlth  +.........               (no ring)
                                i - ring of wizardry

@: lethally poisoned (-1 -> -17), not resistant to hostile enchantments, very
unstealthy
A: horns 1, demonic guardian 1
a: Berserk, Trog's Hand, Burn Spellbooks, Renounce Religion


You were on level 2 of the Dungeon.
You worshipped Trog.
Trog was pleased with you.
You were not hungry.

You visited 1 branch of the dungeon, and saw 2 of its levels.

You collected 119 gold pieces.

Inventory:

Hand Weapons
 a - a +0 hand axe (weapon)
 m - a +0 dagger
Armour
 q - a +1 leather armour of positive energy (worn)
Jewellery
 i - a ring of wizardry (left hand)
Scrolls
 d - a scroll of remove curse {unknown}
 e - a scroll of noise {unknown}
 k - a scroll of random uselessness {unknown}
 l - a scroll of identify {unknown}
 o - a scroll of teleportation {unknown}
Potions
 f - 2 potions of cancellation {unknown}
 h - a potion of degeneration {unknown}
 j - a potion of haste {unknown}
 n - a potion of might {unknown}
 p - 2 potions of magic {unknown}
Comestibles
 b - 4 chunks of flesh
 c - 2 bread rations
 g - 2 meat rations
 r - a beef jerky


   Skills:
 * Level 4.1 Fighting
 + Level 3.1 Axes
 + Level 1.7 Armour
 + Level 2.5 Dodging


You had 3 spell levels left.
You didn't know any spells.

Dungeon Overview and Level Annotations

Branches:
Dungeon (2/15)

Altars:
Zin


Innate Abilities, Weirdness & Mutations

You have a pair of small horns on your head.
A weak demonic guardian rushes to your aid.


Message History

The adder poisons you! The adder closely misses you.
You hit the adder but do no damage.
The adder is severely wounded.
* * * LOW HITPOINT WARNING * * *
You feel sick. The adder bites you but does no damage.
You closely miss the adder.
The adder is severely wounded.
* * * LOW HITPOINT WARNING * * *
You feel sick. The adder bites you.
* * * LOW HITPOINT WARNING * * *
The adder bites you.
* * * LOW HITPOINT WARNING * * *
You closely miss the adder.
The adder is heavily wounded.
* * * LOW HITPOINT WARNING * * *
You feel sick. The adder bites you but does no damage.
You miss the adder.
You headbutt the adder, but do no damage.
The adder is heavily wounded.
You die...

.# #...# #... #....#.### ##
#.#.# #..#.# #.#>##.# #.#.#
#..#.# #.#. #.# #####.#.#
##..#.# ##.#.##.#
......÷.######...#.####.....#.#
####...............$..........#
####..............#####...#.###
.....#.######.)†S....... #.#
######.# #...@###### #.#
######.# #.#.## ########.#
.......# #.#.# #........#
#####..# #.#.# #.######## #..#
....# #.# #..# #.### #.# #..#
#.# #.# ### #..# #.##########..
#..### ## ### #.........##.#


You could see an adder.

Vanquished Creatures
  An adder (D:2)
  An ooze (D:2)
  3 worms (D:2)
  A dart slug (D:1)
  3 giant geckos
  3 bats
  A giant cockroach (D:2)
  7 goblins
  8 hobgoblins
  3 jackals
  4 kobolds
  A ball python (D:2)
  6 rats
42 creatures vanquished.

Notes
Turn   | Place    | Note
--------------------------------------------------------------
     0 | D:1      | SAMYAZA the Demonspawn Berserker began the quest for the Orb.
     0 | D:1      | Reached XP level 1. HP: 18/18 MP: 1/1
   188 | D:1      | Gained mutation: A weak demonic guardian rushes to your aid. [demonic ancestry]
   188 | D:1      | Reached XP level 2. HP: 20/24 MP: 2/2
   883 | D:2      | Reached ** piety under Trog
   914 | D:2      | Found a glowing silver altar of Zin.
   994 | D:2      | Reached XP level 3. HP: 29/29 MP: 3/3
  1282 | D:2      | Reached skill level 4 in Fighting
  1531 | D:2      | Gained mutation: You have a pair of small horns on your head. [demonic ancestry]
  1531 | D:2      | Reached XP level 4. HP: 18/37 MP: 4/4
  1627 | D:2      | HP: 1/37 [poisoned by an adder]
  1628 | D:2      | Succumbed to an adder's poison

Skill      XL: |  1  2  3 |
---------------+----------+-----
Dodging        | 2 |  2.5
Axes           | 3 |  3.1
Fighting       | 4 |  4.1
Armour         | |  1.7

Action                   |  1- 3 |  4- 6 || total
-------------------------+-------+-------++-------
Melee: Hand axe          |   122 |    16 ||   138
       Headbutt          |       |     2 ||     2
Invok: Berserk           |     2 |       ||     2
       Trog's Hand       |     1 |     1 ||     2
 Stab: Sleeping          |     1 |       ||     1
  Eat: Chunk             |     4 |     1 ||     5
Armor: Animal skin       |    11 |       ||    11
       Leather armour    |     8 |     9 ||    17
Dodge: Dodged            |    75 |    14 ||    89
